 Dungeon Crawl Stone Soup version 0.26-a0-30-g56b8cd3df0 (webtiles) character file.

Game seed: 12709492379864146354, levelgen mode: deterministic

7646 gruber the Fighter (level 11, -4/102 HPs)
             Began as a Hill Orc Fighter on June 2, 2020.
             Was a Priest of Makhleb.
             Slain by a troll (6 damage)
             ... on level 10 of the Dungeon.
             The game lasted 00:09:29 (9078 turns).

gruber the Fighter (Hill Orc Fighter)               Turns: 9078, Time: 00:09:30

Health: -4/102     AC: 11    Str: 23    XL:     11   Next: 18%
Magic:  16/16      EV: 10    Int:  8    God:    Makhleb [***...]
Gold:   562        SH: 17    Dex: 10    Spells: 10/10 levels left

rFire    + . .     SeeInvis .   I - +2 trident (vorpal)
rCold    . . .     Gourm    .   c - +0 kite shield
rNeg     . . .     Faith    .   N - +0 troll leather armour
rPois    .         Spirit   .   C - +0 helmet
rElec    .         Reflect  +   m - scarf {repulsion}
rCorr    .         Harm     .   u - +3 pair of gauntlets of War {Slay+5}
MR       .....                  (no boots)
Stlth    ..........             t - amulet of reflection
HPRegen  0.67/turn              y - ring "Waupy" {rF+ Stlth-}
MPRegen  0.15/turn              (no ring)

@: slowed, repel missiles, very slow
A: no striking features
a: Minor Destruction, Lesser Servant of Makhleb, Renounce Religion


You were on level 10 of the Dungeon.
You worshipped Makhleb.
Makhleb was most pleased with you.
You were not hungry.

You visited 1 branch of the dungeon, and saw 10 of its levels.

You collected 562 gold pieces.

Inventory:

Hand Weapons
 j - a +1 spear of venom
 I - a +2 vorpal trident (weapon)
Missiles
 E - 9 atropa-tipped darts (quivered)
Armour
 c - a +0 kite shield (worn)
 m - a scarf of repulsion (worn)
 u - the +3 pair of gauntlets of War (worn) {Slay+5}
   (You found it on level 4 of the Dungeon)

   It affects your accuracy and damage with ranged weapons and melee attacks
   (+5).
 C - a +0 helmet (worn)
 N - a +0 troll leather armour (worn)
Jewellery
 t - an amulet of reflection (around neck)
 y - the ring "Waupy" (left hand) {rF+ Stlth-}
   (You found it on level 5 of the Dungeon)

   [ring of attention]

   It protects you from fire.
   It makes you less stealthy.
 M - a cursed amulet of inaccuracy {unknown}
Wands
 p - a wand of clouds (5)
 B - a wand of flame (24)
 D - a wand of random effects (20)
 K - a wand of digging (5)
Scrolls
 g - 4 scrolls of magic mapping {unknown}
 h - 4 scrolls of enchant armour {unknown}
 i - 4 scrolls of blinking {unknown}
 l - 10 scrolls of identify {unknown}
 n - 4 scrolls of teleportation {unknown}
 o - 2 scrolls of random uselessness {unknown}
 q - 2 scrolls of noise {unknown}
 v - 2 scrolls of fog {unknown}
 x - 3 scrolls of remove curse {unknown}
 F - a scroll of vulnerability {unknown}
 H - 3 scrolls of fear {unknown}
 J - a scroll of amnesia {unknown}
Potions
 a - a potion of berserk rage {unknown}
 d - a potion of might
 e - 3 potions of heal wounds {unknown}
 k - 3 potions of flight {unknown}
 r - 5 potions of degeneration {unknown}
 s - 3 potions of lignification {unknown}
 w - 7 potions of curing
 z - 2 potions of resistance {unknown}
 A - 3 potions of cancellation {unknown}
 G - a potion of brilliance {unknown}
 L - a potion of mutation {unknown}
Comestibles
 b - 7 chunks of flesh
 f - 18 rations


   Skills:
 - Level 11.4 Fighting
   Level 9.3(9.4) Axes
 - Level 1.3(5.0) Polearms
 - Level 8.0 Armour
 - Level 10.0 Shields
 * Level 7.7 Invocations


You had 10 spell levels left.
You didn't know any spells.
Your spell library contained the following spells:

 Spells                   Type           Power        Failure   Level  Hunger
 Magic Dart               Conj           #...         67%         1    ##.....
 Searing Ray              Conj           #.....       80%         2    ###....
 Confusing Touch          Hex            #.......     95%         3    ####...
 Dazzling Flash           Conj/Hex       #.....       95%         3    ####...
 Gell's Gravitas          Tloc           #.........   95%         3    ####...
 Fulminant Prism          Conj/Hex       #.........   100%        4    #####..
 Iskenderun's Mystic Bla  Conj/Tloc      #.......     100%        4    #####..
 Petrify                  Tmut/Erth      #.......     100%        4    #####..
 Metabolic Englaciation   Hex/Ice        #.........   100%        5    ######.
 Yara's Violent Unravell  Hex/Tmut       #.........   100%        5    ######.


Dungeon Overview and Level Annotations

Branches:
Dungeon (10/15)            Temple (0/1) D:6
   Lair: D:8-11         Orc: D:9-12

Altars:
Makhleb
Okawaru
Qazlal
Ru
Sif Muna
Trog
Uskayaw
Vehumet
Yredelemnul

Shops:
D:7 %

Annotations:
D:10 Gastronok


Message History

You feel yourself slow down. The troll bites you! You block the troll's attack.
The troll claws you but does no damage. You block the leopard gecko's attack.
Gastronok waves his eye-stalks in wide circles.
The air twists around and strikes you!! You block the troll's attack.
The troll claws you! You block the troll's attack. The troll barely misses you.
You block the troll's attack. The troll claws you.
The troll closely misses you. The troll claws you!
You block the troll's attack.
Gastronok waves his eye-stalks in wide circles.
The air twists around and strikes you!
* * * LOW HITPOINT WARNING * * *
The troll closely misses you. The troll claws you.
* * * LOW HITPOINT WARNING * * *
You block the troll's attack. The troll bites you!
* * * LOW HITPOINT WARNING * * *
You block the troll's attack. The troll claws you.
You die...

#######.# #..## #.# #..# #.# #..#
#.# #..# .## #.# #..# ...# #.#
#..# ...# #.# #..# # ## ...#
#.########..########.# .# ...#
#.........@.......... .# ...#
##########lT.#..##.######..
...#############...#..#........((
........##......)........#....()#
...####.##.....).[...###.#.#[...#
...# #.##........>......w.#w####
...# #.##...........#####.#..
.### #.##...........#####.#.## .#
#.##.................#.#


You could see a troll and a leopard gecko.

Vanquished Creatures
  A centaur warrior (D:10)
  A gargoyle (D:7)
  A troll (D:9)
  A hippogriff (D:8)
  Grum (D:8)
  6 yaks (D:10)
  2 hungry ghosts
  A steam dragon (D:9)
  A water moccasin (D:10)
  2 ice beasts (D:9)
  5 orc warriors
  2 black bears
  A sky beast (D:8)
  3 ogres
  2 wolves (D:8)
  2 centaurs
  A big kobold (D:7)
  7 bullfrogs
  A scorpion (D:6)
  A water moccasin skeleton (D:7)
  9 killer bees
  A howler monkey (D:5)
  8 wights
  3 crimson imps
  Crazy Yiuf (D:7)
  5 orc priests
  3 hounds
  2 jellies (D:7)
  9 iguanas
  7 worker ants
  7 orc wizards
  A hound skeleton (D:10)
  A howler monkey zombie (D:6)
  2 worker ant zombies
  3 gnolls (D:2)
  10 adders
  3 shadow imps
  2 oozes
  An adder skeleton (D:10)
  A worm (D:5)
  A dart slug (D:1)
  A leopard gecko (D:2)
  31 orcs
  A ball python (D:6)
  3 giant cockroaches
  10 goblins
  2 hobgoblins
  16 jackals
  10 kobolds
  A quokka (D:5)
  11 bats
  A frilled lizard (D:2)
  A quokka skeleton (D:9)
  A quokka zombie (D:8)
  6 rats
217 creatures vanquished.

Vanquished Creatures (others)
  Erica (D:8)
1 creature vanquished.

Grand Total: 218 creatures vanquished

Notes
Turn   | Place    | Note
-------+----------+-------------------------------------------
     0 | D:1      | gruber the Hill Orc Fighter began the quest for the Orb.
     0 | D:1      | Reached XP level 1. HP: 19/19 MP: 1/1
    91 | D:1      | Reached XP level 2. HP: 17/26 MP: 2/2
   758 | D:1      | Reached XP level 3. HP: 31/31 MP: 3/3
  1197 | D:2      | Reached skill level 5 in Axes
  1420 | D:2      | Reached XP level 4. HP: 39/39 MP: 4/4
  1497 | D:2      | Reached skill level 1 in Polearms
  2030 | D:3      | Found a burning altar of Makhleb.
  2130 | D:3      | Reached XP level 5. HP: 44/45 MP: 5/5
  2144 | D:3      | Found a stormy altar of Qazlal.
  2145 | D:3      | Found a shimmering blue altar of Sif Muna.
  2999 | D:4      | Noticed an ogre
  3000 | D:4      | Found the +3 pair of gauntlets of War {Slay+5}
  3013 | D:4      | Killed an ogre
  3013 | D:4      | Reached XP level 6. HP: 46/51 MP: 6/6
  3309 | D:4      | Found a stormy altar of Qazlal.
  3427 | D:3      | Found a sacrificial altar of Ru.
  3427 | D:3      | Found a radiant altar of Vehumet.
  3441 | D:3      | Became a worshipper of Makhleb the Destroyer
  3465 | D:5      | Entered Level 5 of the Dungeon
  3538 | D:5      | Got a brightly glowing turquoise ring
  3539 | D:5      | Identified the ring "Waupy" {rF+ Stlth-} (You found it on
                  | level 5 of the Dungeon)
  3638 | D:5      | Reached XP level 7. HP: 54/57 MP: 7/7
  3884 | D:5      | Reached skill level 4 in Fighting
  3888 | D:5      | Reached skill level 5 in Fighting
  4297 | D:6      | Reached skill level 6 in Fighting
  4559 | D:6      | Reached skill level 7 in Fighting
  4581 | D:6      | Found a hide-covered altar of Uskayaw.
  4640 | D:6      | Found a bloodstained altar of Trog.
  4650 | D:6      | Reached XP level 8. HP: 73/73 MP: 8/8
  4866 | D:6      | Found a staircase to the Ecumenical Temple.
  4873 | D:6      | Reached skill level 8 in Fighting
  5387 | D:7      | Reached skill level 9 in Fighting
  5470 | D:7      | Reached skill level 10 in Fighting
  5507 | D:7      | Found Cimask's Food Shop.
  5509 | D:7      | Identified the cursed +0 ring mail "Ilaojinu" {MR- rCorr
                  | Dex+3 Stlth+}
  5526 | D:7      | Reached * piety under Makhleb
  5733 | D:7      | Noticed a gargoyle
  5743 | D:7      | Reached XP level 9. HP: 85/86 MP: 9/9
  5747 | D:7      | Killed a gargoyle
  5747 | D:7      | Reached skill level 11 in Fighting
  6029 | D:7      | Found a runed translucent door.
  6030 | D:7      | Noticed Crazy Yiuf
  6215 | D:7      | Killed Crazy Yiuf
  6401 | D:8      | Noticed Grum
  6413 | D:8      | Reached skill level 5 in Armour
  6442 | D:8      | Killed Grum
  6442 | D:8      | Reached skill level 5 in Shields
  6687 | D:8      | You fall into a shaft and drop 1 floor!
  6700 | D:9      | Reached ** piety under Makhleb
  6818 | D:9      | Reached XP level 10. HP: 96/96 MP: 10/10
  7294 | D:8      | Noticed Erica
  7295 | D:8      | Found an iron altar of Okawaru.
  7406 | D:8      | Found a basalt altar of Yredelemnul.
  8186 | D:8      | Killed Erica
  8513 | D:10     | Entered Level 10 of the Dungeon
  8661 | D:10     | Reached *** piety under Makhleb
  8746 | D:10     | Reached skill level 10 in Shields
  8881 | D:10     | Reached skill level 5 in Invocations
  8881 | D:10     | Reached XP level 11. HP: 102/102 MP: 12/14
  8954 | D:10     | Noticed a centaur warrior
  8962 | D:10     | Killed a centaur warrior
  9063 | D:10     | Noticed Gastronok
  9078 | D:10     | HP: 2/102 [troll (17)]
  9078 | D:10     | Slain by a troll

Illustrated notes

Levels and vault maps discovered:
D:1:      dpeg_arrival_rhombi, layout_loops_ring
D:2:      layout_loops_corners, minivault_25
D:3:      layout_loops_ring, nicolae_overflow_hidden_temple,
          chequers_temple_overflow_statue_of_worship, first_ration
D:4:      layout_loops_ring, grunt_qazlal_clouds
D:5:      layout_layer_cave
D:6:      layout_loops_ring, overflow_temple_1_default, lemuel_doored_altar,
          minmay_temple_entry_proselytizer
D:7:      layout_loops_ring, serial_shops, nicolae_shop_crystal,
          uniq_crazy_yiuf_cottage
D:8:      layout_layer_cave, kennysheep_little_box, okawaru_trees_1, uniq_grum,
          uniq_erica
D:9:      layout_rooms
D:10:     kennysheep_windowed_halls, layout_basic, orc_0_dummy, uniq_gastronok

Skill      XL: |  1  2  3  4  5  6  7  8  9 10 11 |
---------------+----------------------------------+-----
Axes           | 3 4 5 6 8 9 |  9.3
Polearms       | 1 |  1.3
Fighting       | 7 10 11 | 11.4
Armour         | 6 8 |  8.0
Shields        | 6 10 | 10.0
Invocations    | 5 7 |  7.7

Action                   |  1- 3 |  4- 6 |  7- 9 | 10-12 || total
-------------------------+-------+-------+-------+-------++-------
Melee: War axe           |    51 |       |       |       ||    51
       Spear             |    40 |   126 |   155 |       ||   321
       Trident           |       |       |   113 |   251 ||   364
Throw: Dart              |       |       |       |     5 ||     5
  Eat: Chunk             |     2 |     7 |    10 |     7 ||    26
       Ration            |       |       |       |     1 ||     1
Armor: Scale mail        |    30 |    33 |    98 |    13 ||   174
       Troll leather arm |       |       |       |    33 ||    33
Dodge: Dodged            |    28 |    22 |    71 |    64 ||   185
       Repelled          |       |       |     3 |     1 ||     4
Block: Kite shield       |    46 |    39 |    98 |   178 ||   361
       Reflection        |       |       |       |     9 ||     9

Table legend:
 A = Non-vault XP
 B = Vault XP
 C = Vault XP percentage of total XP
 D = Non-vault monster count
 E = Vault monster count
 F = Vault count percentage of total count
                 A         B        C        D         E       F
            +---------+---------+-------+---------+---------+-------
      Total |    9479 |    1445 |  13.2 |     211 |       7 |   3.2
            +---------+---------+-------+---------+---------+-------
        D:1 |      37 |       0 |   0.0 |      20 |       0 |   0.0
        D:2 |     101 |       0 |   0.0 |      23 |       0 |   0.0
        D:3 |     108 |       0 |   0.0 |      18 |       0 |   0.0
        D:4 |     178 |       0 |   0.0 |       9 |       0 |   0.0
        D:5 |     428 |       0 |   0.0 |      11 |       0 |   0.0
        D:6 |     774 |      44 |   5.4 |      16 |       1 |   5.9
        D:7 |    1456 |      45 |   3.0 |      31 |       1 |   3.1
        D:8 |    1018 |    1337 |  56.8 |      15 |       4 |  21.1
        D:9 |    1853 |       0 |   0.0 |      24 |       0 |   0.0
       D:10 |    3526 |      19 |   0.5 |      44 |       1 |   2.2
            +---------+---------+-------+---------+---------+-------
